 Dungeon Crawl Stone Soup version 0.28.0-53-g5a82cb258f (webtiles) character file.

Game seed: 713308762116179746

6278 safid the Severer (level 10, 0/88 HPs)
             Began as a Hill Orc Fighter on June 30, 2022.
             Was a Priest of Beogh.
             Slain by an orc warrior
             ... wielding a +0 war axe
              (12 damage)
             ... in a bailey.
             The game lasted 00:17:18 (11008 turns).

safid the Severer (Hill Orc Fighter)               Turns: 11008, Time: 00:17:18

Health: 0/88       AC: 16    Str: 24    XL:     10   Next: 94%
Magic:  2/15       EV:  6    Int:  8    God:    Beogh [***...]
Gold:   843        SH: 10    Dex: 10    Spells: 9/9 levels left

rFire   + . .      SeeInvis .   a - +0 war axe
rCold   . . .      Faith    .   c - +1 buckler
rNeg    . . .      Spirit   .   s - +0 plate armour
rPois   .          Reflect  +   A - +0 helmet
rElec   .          Harm     .   G - +0 cloak
rCorr   +          Rampage  .   (no gloves)
Will    .....                   (no boots)
Stlth   ..........              C - amulet of reflection
HPRegen 0.24/turn               x - ring of protection from fire
MPRegen 0.14/turn               y - ring of resist corrosion

@: mighty, about to teleport
A: no striking features
a: Renounce Religion, Smiting


You were in a bailey.
You worshipped Beogh.
Beogh was most pleased with you.
You visited 1 branch of the dungeon, and saw 9 of its levels.
You also visited: Ossuary and Bailey.

You collected 843 gold pieces.

Inventory:

Hand Weapons
 a - a +0 war axe (weapon)
Missiles
 m - 37 poisoned darts (quivered)
Armour
 c - a +1 buckler (worn)
 s - a +0 plate armour (worn)
 A - a +0 helmet (worn)
 G - a +0 cloak (worn)
Jewellery
 x - a ring of protection from fire (left hand)
 y - a ring of resist corrosion (right hand)
 C - an amulet of reflection (around neck)
 F - a ring of protection from cold
Wands
 n - a wand of iceblast (8)
Scrolls
 e - 4 scrolls of teleportation
 g - 4 scrolls of enchant armour
 h - a scroll of magic mapping {unknown}
 i - 2 scrolls of holy word {unknown}
 k - 2 scrolls of brand weapon {unknown}
 t - a scroll of blinking {unknown}
 v - a scroll of noise {unknown}
 w - 3 scrolls of vulnerability {unknown}
 z - 3 scrolls of enchant weapon {unknown}
 B - a scroll of fog {unknown}
 H - a scroll of fear {unknown}
Potions
 b - a potion of degeneration {unknown}
 d - 5 potions of might
 f - a potion of heal wounds
 j - a potion of berserk rage {unknown}
 l - a potion of lignification {unknown}
 o - a potion of magic {unknown}
 p - a potion of cancellation {unknown}
 q - 8 potions of curing
 r - 3 potions of ambrosia {unknown}
 u - 2 potions of flight {unknown}
 D - 4 potions of haste {unknown}
 E - 2 potions of mutation {unknown}


   Skills:
 + Level 7.9 Fighting
 - Level 16.0 Axes
 + Level 7.4 Armour
 - Level 4.0 Shields
 + Level 7.3 Invocations


You had 9 spell levels left.
You didn't know any spells.
Your spell library contained the following spells:

 Spells                   Type           Power      Damage    Failure   Level
 Animate Skeleton         Necr           0%         N/A       100%        1
 Magic Dart               Conj           0%         1d3       100%        1
 Pain                     Necr           0%         1d4       100%        1
 Sting                    Tmut/Pois      0%         1d3       100%        1
 Call Imp                 Summ           0%         N/A       100%        2
 Poisonous Vapours        Pois/Air       0%         N/A       100%        2
 Mephitic Cloud           Conj/Pois/Air  0%         N/A       100%        3
 Ozocubu's Armour         Ice            0%         N/A       100%        3
 Stone Arrow              Conj/Erth      0%         3d7       100%        3
 Vampiric Draining        Necr           0%         2d6       100%        3
 Animate Armour           Summ/Erth      0%         N/A       100%        4
 Olgreb's Toxic Radiance  Pois           0%         N/A       100%        4
 Metabolic Englaciation   Hex/Ice        0%         N/A       100%        5
 Simulacrum               Ice/Necr       0%         N/A       100%        6
 Ozocubu's Refrigeration  Ice            0%         4d5       100%        7
 Ignition                 Fire           0%         3d3       100%        8
 Lehudib's Crystal Spear  Conj/Erth      0%         10d2      100%        8


Dungeon Overview and Level Annotations

Branches:
Dungeon (9/15)             Temple (0/1) D:6         Ossuary (visited)
 Bailey (1/1)
   Lair: D:8-11         Orc: D:9-12

Altars:
Dithmenos

Annotations:
D:4 2 transporters


Message History

You slash the orc warlord!
The orc warlord is severely wounded.
The orc warlord hits you with a +0 great mace of protection!
You feel much better.
The orc warlord hits you with a +0 great mace of protection!!!
* * * LOW HITPOINT WARNING * * *
Unknown command.
As you read the scroll of teleportation, it crumbles to dust.
You feel strangely unstable.
The orc warrior no longer looks unusually strong.
The orc warlord hits you with a +0 great mace of protection.
* * * LOW HITPOINT WARNING * * *
Aiming: Smiting
Press: ? - help, Dir - move target, f/p - orc warlord Smite: an orc warlord, wielding a +0 great mace of protection and wearing a +0 plate armour (severely wounded)
You smite the orc warlord!!
The orc warlord is almost dead.
Your surroundings seem slightly different.
Aiming: Smiting
Press: ? - help, Dir - move target, f/p - orc warlord Smite: an orc warlord, wielding a +0 great mace of protection and wearing a +0 plate armour (almost dead)
You smite the orc warlord!!
You kill the orc warlord!
Beogh accepts your kill.
Your Armour skill increases to level 7!
Your Invocations skill increases to level 7!
The orc warrior hits you with a +0 war axe!
* * * LOW HITPOINT WARNING * * *
Items here: ))) [[[.
The hobgoblin hits you but does no damage.
There is an open door, spattered with blood here.
Things that are here:
a +0 war axe; a +0 ring mail The orc warrior no longer looks unusually strong.
You block the orc warrior's attack.
As you read the scroll of teleportation, it crumbles to dust.
You feel strangely unstable.
The orc warrior hits you with a +0 war axe!
You die...
Beogh appreciates the orc warrior's killing of a heretic priest.

###.### ###.### ##.....###
###.....###
.........###.........##
..........#)..........#
..........))..........#
....⌠.....#)....⌠.....#
..........#...........#
..........#...........#
)))......###....@og..###
)#.....###.###...g.#o#.###
.###.###
....###.###))...### ...###
......###.o)......## ....#
......##8..........# ....#
.....o.#8o...).....# ....#
.....g)'o)...⌠....∩# ....#
.......#8..........# ....#
......##8..........#


You could see 2 orc warriors, a hobgoblin and a goblin.

Vanquished Creatures
  An orc warlord (Bailey)
  An orc knight (Bailey)
  A shadow (D:9)
  A wyvern (D:9)
  2 water moccasins
  Duvessa (D:6)
  A hornet zombie (D:7)
  An ice beast (D:6)
  2 orc warriors
  2 sky beasts (D:5)
  An ogre (D:6)
  3 centaurs
  2 phantoms (D:6)
  Blork the orc (D:5)
  2 kobold brigands
  3 bullfrogs
  A gnoll sergeant (D:8)
  5 water moccasin zombies (Ossuary)
  2 elf skeletons (D:4)
  3 scorpions
  Dowan (D:6)
  2 water moccasin skeletons
  9 wights
  5 killer bees (D:8)
  4 centaur zombies
  2 bullfrog zombies
  2 hounds
  2 human zombies (D:4)
  A jelly (D:6)
  3 orc priests
  A centaur skeleton (D:6)
  A bullfrog skeleton (D:5)
  A gnoll shaman (D:8)
  A human skeleton (D:4)
  2 iguanas
  An orc wizard (D:2)
  A hound skeleton (D:4)
  2 mummies (Ossuary)
  A howler monkey zombie (D:6)
  A howler monkey skeleton (D:7)
  2 adders (D:6)
  18 gnolls
  A shadow imp (D:7)
  2 white imps
  5 ufetubi
  5 adder zombies (Ossuary)
  2 worms
  5 dart slugs
  11 orcs
  4 ball pythons
  3 bats
  5 endoplasms
  3 giant cockroaches
  10 goblins
  17 hobgoblins
  8 jackals (D:4)
  21 kobolds
  2 quokkas
  3 frilled lizards
  4 gnoll zombies (Ossuary)
  3 hobgoblin zombies (Ossuary)
  7 kobold zombies (Ossuary)
  3 orc zombies
  4 rats
227 creatures vanquished.

Vanquished Creatures (collateral kills)
  An orc knight (Bailey)
  2 orc warriors (Bailey)
  A bullfrog (D:8)
  A wight (D:9)
  3 gnolls (Bailey)
  2 goblins (Bailey)
  4 hobgoblins (Bailey)
14 creatures vanquished.

Vanquished Creatures (others)
  2 orc warriors (Bailey)
  6 orcs
  An orc wizard (D:3)
  An adder (D:3)
  A quokka (D:3)
11 creatures vanquished.

Grand Total: 252 creatures vanquished

Notes
Turn   | Place    | Note
-------+----------+-------------------------------------------
     0 | D:1      | safid the Hill Orc Fighter began the quest for the Orb.
     0 | D:1      | Reached XP level 1. HP: 19/19 MP: 1/1
   207 | D:1      | Reached skill level 3 in Axes
   207 | D:1      | Reached XP level 2. HP: 22/27 MP: 2/2
   542 | D:1      | Reached XP level 3. HP: 33/33 MP: 3/3
   831 | D:2      | Reached skill level 4 in Axes
   831 | D:2      | Reached XP level 4. HP: 32/40 MP: 4/4
  1216 | D:2      | HP: 1/40 [something/puff of flame (8)]
  1219 | D:2      | Reached skill level 5 in Axes
  1219 | D:2      | Reached XP level 5. HP: 1/46 MP: 5/5
  2658 | D:3      | Became a worshipper of Beogh the Brigand
  3164 | D:4      | Reached skill level 6 in Axes
  3167 | D:4      | Found a transporter.
  3186 | D:4      | Found a transporter.
  3273 | D:4      | Reached XP level 6. HP: 38/52 MP: 6/6
  3287 | D:4      | Found a sand-covered staircase.
  3296 | D:4      | Reached skill level 7 in Axes
  3299 | Ossuary  | Entered an ossuary
  3375 | Ossuary  | Reached * piety under Beogh
  3490 | Ossuary  | Reached skill level 8 in Axes
  3567 | Ossuary  | Reached XP level 7. HP: 40/59 MP: 7/7
  3679 | Ossuary  | Reached skill level 9 in Axes
  4085 | D:4      | Reached skill level 10 in Axes
  4806 | D:5      | Entered Level 5 of the Dungeon
  4955 | D:5      | Reached skill level 11 in Axes
  4955 | D:5      | Reached XP level 8. HP: 46/66 MP: 8/8
  4959 | D:5      | Reached ** piety under Beogh
  5669 | D:5      | Noticed Blork the orc
  5683 | D:5      | Killed Blork the orc
  5683 | D:5      | HP: 3/66 [centaur (1)]
  5684 | D:5      | Reached skill level 12 in Axes
  5986 | D:5      | Found a shadowy altar of Dithmenos.
  6267 | D:5      | Reached skill level 13 in Axes
  6654 | D:6      | Reached XP level 9. HP: 51/71 MP: 9/9
  6660 | D:6      | Reached skill level 14 in Axes
  7309 | D:6      | Found a staircase to the Ecumenical Temple.
  7547 | D:6      | Reached skill level 15 in Axes
  7733 | D:6      | Noticed Dowan
  7733 | D:6      | Noticed Duvessa
  7751 | D:6      | Killed Dowan
  7752 | D:6      | Killed Duvessa
  8214 | D:7      | Reached *** piety under Beogh
  8225 | D:7      | Reached skill level 16 in Axes
  8372 | D:7      | Reached skill level 1 in Invocations
  8747 | D:8      | Reached skill level 5 in Fighting
  8920 | D:8      | Reached skill level 5 in Armour
  8932 | D:8      | Reached XP level 10. HP: 59/81 MP: 12/12
  9198 | D:8      | Gained Agrik as an ally
 10042 | D:9      | Reached skill level 5 in Invocations
 10081 | D:9      | Found a flagged portal.
 10130 | Bailey   | Entered a bailey
 10307 | Bailey   | Reached **** piety under Beogh
 10345 | Bailey   | Noticed an orc knight
 10348 | Bailey   | Killed an orc knight
 10365 | Bailey   | Gained Herok as an ally
 10688 | Bailey   | Noticed an orc knight
 10700 | Bailey   | Your ally Herok died
 10712 | Bailey   | Killed an orc knight
 10970 | Bailey   | Noticed an orc warlord
 10998 | Bailey   | Killed an orc warlord
 11008 | Bailey   | Slain by an orc warrior

Illustrated notes

Levels and vault maps discovered:
D:1:      saegor_arrival_under_anarchy, layout_basic, chequers_arboretum
D:2:      layout_basic, chequers_serial_rivers_room_b
D:3:      layout_basic
D:4:      gammafunk_steamed_eel, layout_basic, nicolae_ossuary_entry_catacombs,
          minivault_11
D:5:      layout_basic, mainiacjoe_overflow_cross_hatched, st_stairs_3,
          uniq_blork_the_orc
D:6:      minmay_polygon_palace, layout_layer_cave,
          minmay_temple_entry_large_hall, uniq_duvessa
D:7:      layout_cave_pools
D:8:      layout_rooms
D:9:      layout_loops_ring, enter_bailey_2
Bailey:   bailey_axe_minmay_hex_keep, bailey

Skill      XL: |  1  2  3  4  5  6  7  8  9 10 |
---------------+-------------------------------+-----
Axes           | 3 4 5 6 8 11 13 16 | 16.0
Fighting       | 4 5 7 |  7.9
Armour         | 4 5 7 |  7.4
Shields        | 4 |  4.0
Invocations    | 3 7 |  7.3

Action                   |  1- 3 |  4- 6 |  7- 9 | 10-12 || total
-------------------------+-------+-------+-------+-------++-------
Melee: War axe           |    54 |   198 |   377 |   178 ||   807
Invok: Convert to Beogh  |       |     1 |       |       ||     1
       Smiting           |       |       |       |    10 ||    10
  Use: Scroll            |       |       |     5 |     2 ||     7
       Potion            |       |       |     3 |     4 ||     7
 Stab: Distracted        |       |       |     1 |       ||     1
       Confused          |       |       |       |     3 ||     3
Armor: Scale mail        |    22 |    72 |   102 |       ||   196
       Plate armour      |       |       |    22 |    48 ||    70
Dodge: Dodged            |    26 |    86 |   135 |    27 ||   274
Block: Buckler           |     9 |    37 |    89 |    76 ||   211
       Reflection        |       |       |       |     4 ||     4
